[Event "*** Titled Tuesday Blitz"]
[Site "Chess.com"]
[Date "2020.04.28"]
[Round "3"]
[White "Beca95"]
[Black "ManuDavid2910"]
[Result "1-0"]
[WhiteElo "2877"]
[BlackElo "2636"]
[TimeControl "180+1"]
[EndTime "10:30:18 PDT"]
[Termination "Beca95 won by resignation"]

1. d4 Nf6 2. Nf3 e6 3. Bg5 d5 4. e3 c5 5. c3 Nc6 6. Nbd2 Bd6 7. Bd3 O-O 8. Qe2 e5 9. dxc5 Bxc5 10. e4 d4 11. O-O h6 12. Bh4 Bb6 13. Nc4 Bc7 14. cxd4 exd4 15. e5 Re8 16. Bxf6 gxf6 17. Qe4 f5 18. Qf4 Qf6 19. Rae1 Be6 20. Nd6 Bxd6 21.
exd6 Rad8 22. Bb5 Bd5 23. Bxc6 bxc6 24. Nxd4 Be4 25. d7 Re7 26. Nxf5 Bxf5 27. Rxe7 Qxe7 28. Qxf5 Qxd7 29. Qf4 Qd2 30. Qg4+ Kh8 31. b3 Qxa2 32. Qf3 Kg7 33. Qc3+ Kg8 34. h4 Rd6 35. h5 Qd2 36. Qe5 Qd4 37. Qg3+ Kf8 38. Re1 Qf6 39. Qe3 Qg5 40.
Qxa7 Rd2 41. Qe3 Kg8 42. g3 Rd5 43. Qc3 Rd8 44. Qxc6 Qxh5 45. Qc7 Rf8 46. b4 Qg6 47. Qc5 Qd3 48. b5 Qg6 49. b6 Rb8 50. b7 Qa6 51. Rb1 Qg6 52. Qb5 Kh7 53. Rb4 h5 54. Qc4 Re8 55. Qc3 Re1+ 56. Qxe1 Qe6 1-0

[Event "*** Titled Tuesday Blitz"]
[Site "Chess.com"]
[Date "2020.04.28"]
[Round "3"]
[White "Chepaschess"]
[Black "Sanan_Sjugirov"]
[Result "0-1"]
[WhiteElo "2627"]
[BlackElo "2863"]
[TimeControl "180+1"]
[EndTime "10:30:18 PDT"]
[Termination "Sanan_Sjugirov won by resignation"]

1. d4 d5 2. c4 e6 3. Nf3 c6 4.
Qc2 Nf6 5. g3 dxc4 6. Qxc4 b5 7. Qb3 Bb7 8. Bg2 Nbd7 9. O-O Be7 10. Bg5 O-O 11. Ne5 Nxe5 12. dxe5 Nd5 13. Bxe7 Qxe7 14.
Nd2 Qc7 15. Ne4 Qxe5 16. Nc5 Qc7 17. Rac1 Rad8 18. Rfd1 Bc8 19. h4 h6 20. a3 Ne7 21.
Re1 e5 22. e4 Rd4 23. Qc3 Rfd8 24. b3 Ng6 25. Re3 Nf8 26. b4 Ne6 27. Nb3 Rc4 28.
Qb2 Rxc1+ 29. Qxc1 Nd4 30. Nc5 a5 31. Kh2 a4 32. Bf1 Qe7 33. Rc3 Bg4 34. Qe3 Qf6 35.
Bg2 g5 36. f3 Bc8 37. h5 Kg7 38. Nd3 g4 39. f4 exf4 40. Nxf4 Ne6 41. e5 Qg5 42. Nxe6+ Bxe6 43. Qxg5+ hxg5 44. Bxc6 Rd2+ 45. Kg1 Bc4 46. Be4 Kh6 47. Bf5 Kxh5 48. Re3 Rd1+ 49. Kg2 Rd2+ 50. Kg1 Rd4 51. Re4 Rd1+ 52. Kg2 Bd5 53.
Bxg4+ Kg6 54. Bf3 Rd2+ 0-1

[Event "*** Titled Tuesday Blitz"]
[Site "Chess.com"]
[Date "2020.04.28"]
[Round "3"]
[White "Carnivoras"]
[Black "TheFireChess"]
[Result "1-0"]
[WhiteElo "2636"]
[BlackElo "2404"]
[TimeControl "180+1"]
[EndTime "10:30:18 PDT"]
[Termination "Carnivoras won by resignation"]

1. d4 f5 2. Nf3 Nf6 3. g3 d6 4. Bg2 g6 5. O-O Bg7 6. b4 O-O 7. Bb2 c6 8. c4 Na6 9. a3 Nc7 10.
Qb3 h6 11. Nc3 g5 12. b5 Bd7 13. a4 Be6 14. Nd2 Rb8 15. Rfc1 c5 16. Nd5 b6 17.
Nxc7 Qxc7 18. d5 Bf7 19. a5 Bh5 20. Bf3 Bxf3 21. exf3 f4 22. Re1 Rf7 23. Re6 Nd7 24.
Bxg7 Kxg7 25. axb6 axb6 26. Ra6 Ne5 27. Qa4 fxg3 28.
hxg3 Nxf3+ 29. Nxf3 Rxf3 30. Ra7 Rb7 31. Qa1+ Rf6 32.
Ra8 Kf7 33. Rh8 Kg7 34. Re8 Kf7 35.
Rxf6+ exf6 36. Re6 Qd8 37. Qa6 Re7 38. Rxe7+ Kxe7 39. Qb7+ Kf8 40. Qh7 Qe7 41. Qxh6+ Kg8 42. Qg6+ Kf8 43.
Qf5 Qd8 44. Qe6 Kg7 45. Kg2 Kg6 46. Qe4+ Kg7 47. Qe6 Kg6 48. g4 Kg7 49. Qf5 Qc7 50. Qe6 Qd8 51. Kf3 Qc7 52. Ke4 Qd8 53. Kf5 Qf8 54.
Qd7+ Kh6 55. Ke6 f5 56. gxf5 g4 57. Qxd6 Qe8+ 58. Qe7 Qc8+ 59. Qd7 Qg8+ 60. Ke5 Qh8+ 61. f6 Kg5 62. Qg7+ 1-0

[Event "*** Titled Tuesday Blitz"]
[Site "Chess.com"]
[Date "2020.04.28"]
[Round "3"]
[White "GM_LOADING"]
[Black "korkmaz16"]
[Result "1/2-1/2"]
[WhiteElo "2598"]
[BlackElo "2259"]
[TimeControl "180+1"]
[EndTime "10:30:18 PDT"]
[Termination "Game drawn - insufficient material"]

1. e4 d5 2. exd5 Nf6 3. d4 Bg4 4. Be2 Bxe2 5. Qxe2 Qxd5 6. Nf3 Nc6 7. O-O O-O-O 8. c3 e6 9. Bg5 Bd6 10. Nbd2 h6 11. Bxf6 gxf6 12. Rad1 Qh5 13. Ne4 Bxh2+ 14. Kh1 Be5+ 15. Kg1 Bh2+ 16. Kh1 Bf4+ 17. Kg1 f5 18. Ng3 Bxg3 19. fxg3 Rhg8 20. Qf2 Qg4 21. d5 exd5 22. Nh4 Qxg3 23. Qxg3 Rxg3 24. Nxf5 Rg6 25. Rf2 h5 26. Rfd2 d4 27. cxd4 Rd5 28. Rf2 Kd8 29.
Re1 Rf6 30. Ref1 Nxd4 31. Ne3 Rxf2 32. Rxf2 Re5 33. Nc4 Re1+ 34. Kh2 f5 35. b4 Re2 36.
Rf4 Ne6 37. Rxf5 h4 38. Ne5 Nf4 39. Rg5 Nxg2 40. Kh3 Nf4+ 41. Kxh4 Ne6 42. Rg8+ Ke7 43. Rb8 Rxe5 44. Rxb7 a6 45. a4 Kd6 46. a5 Re4+ 47. Kg3 Nd4 48. Ra7 Nc6 49. Rxa6 Rxb4 50. Kf3 Rb3+ 51.
Ke4 Kc5 52. Ra8 Rb5 53. a6 Ra5 54. Kf5 Kb6+ 55. Ke6 Rxa6 56. Rc8 Kb7 57. Kd7 Na7 58. Rxc7+ Kb6 59. Rc1 Nb5 60. Rc6+ Ka5 61. Rxa6+ Kxa6 1/2-1/2

[Event "*** Titled Tuesday Blitz"]
[Site "Chess.com"]
[Date "2020.04.28"]
[Round "3"]
[White "lucliasco"]
[Black "rasmussvane"]
[Result "1/2-1/2"]
[WhiteElo "2641"]
[BlackElo "2861"]
[TimeControl "180+1"]
[EndTime "10:30:19 PDT"]
[Termination "Game drawn by repetition"]

1. d4 d5 2. Nf3 Nf6 3. e3 e6 4. Bd3 c5 5. O-O Nc6 6. b3 Bd6 7. Bb2 O-O 8. a3 Qe7 9. Nbd2 e5 10. dxe5 Nxe5 11. Nxe5 Bxe5 12. Bxe5 Qxe5 13. c4 Bg4 14. Be2 Bxe2 15. Qxe2 d4 16. Rfe1 Rfe8 17. Nf3 Qf5 18. Qd2 d3 19. e4 Nxe4 20. Qxd3 Rad8 21. Qc2 h6 22. Re3 Nd6 23. Rxe8+ Rxe8 24. Qxf5 Nxf5 25. Rd1 Re6 26. g4 Nd6 27. Rd5 b6 28. Kg2 Kf8 29. Ne5 Ne4 30. b4 Nc3 31. Rd3 Rxe5 32. Rxc3 Re4 33. h3 Ke7 34. bxc5 bxc5 35. Rb3 Ke6 36. Rb7 Rxc4 37. Rxa7 g6 38. a4 Rc3 39.
a5 Ra3 40. Ra8 c4 41. a6 Kf6 42. a7 c3 43. Rc8 Rxa7 44. Rc6+ Kg7 45. Rxc3 Re7 46. Rf3 Re6 47. h4 Re5 48. Rg3 Rd5 49.
Rc3 Re5 50. Kg3 Rd5 51. f3 Rd4 52. Re3 Rb4 53. Ra3 Rc4 54. Ra5 Rb4 55. h5 g5 56. Ra6 Rb5 57. Rd6 Rb4 58. Rd3 Ra4 59.
Kf2 Rc4 60. Ke3 Rb4 61. Rd4 Rb3+ 62. Ke4 Rb5 63. Rc4 Ra5 64. Rd4 Rb5 65. Rd5 Rb4+ 66. Rd4 Rb5 1/2-1/2

[Event "*** Titled Tuesday Blitz"]
[Site "Chess.com"]
[Date "2020.04.28"]
[Round "3"]
[White "morfius"]
[Black "queen_iryna"]
[Result "1/2-1/2"]
[WhiteElo "2596"]
[BlackElo "2277"]
[TimeControl "180+1"]
[EndTime "10:30:20 PDT"]
[Termination "Game drawn by repetition"]

1. e4 d6 2. d4 Nf6 3. Nc3 e5 4. Nf3 Nbd7 5. Bc4 Be7 6. O-O O-O 7. Re1 c6 8. a4 h6 9. h3 Re8 10. a5 Bf8 11. d5 b5 12. Bf1 b4 13. Nb1 cxd5 14.
exd5 Nc5 15. c4 bxc3 16. Nxc3 a6 17. b4 Ncd7 18. b5 axb5 19. Bxb5 Ba6 20. Bc6 Rb8 21. Ba3 Qc7 22. Qa4 Rec8 23. Rab1 Rxb1 24. Rxb1 Nb8 25. Nb5 Bxb5 26. Bxb5 Nxd5 27. Rc1 Qb7 28. Rxc8 Qxc8 29. Bc4 Nc7 30. Ba2 Ne6 31. Qb5 Na6 32. Bc4 Nac7 33. Qc6 Qa8 34. Qxa8 Nxa8 35. Bd5 Nec7 36. Bb7 f6 37. Nd2 d5 38. Bxf8 Kxf8 39. Nb3 Ke7 40. f4 Kd6 41. fxe5+ fxe5 42. Kf2 e4 43. Nd4 Kc5 44.
Ke3 Kb4 45. a6 Ka5 46. Nf5 g6 47. Nxh6 Nb6 48. a7 Nba8 49. Ng4 Kb6 50. Bc8 Kxa7 51. Ne5 Nb6 52. Bg4 Kb7 53. Nxg6 Kc6 54. Ne5+ Kd6 55. Nf7+ Ke7 56. Nh6 Kf6 57. h4 Ke5 58. Nf7+ Kf6 59. Ng5 Ke5 60. Nf7+ Kf6 61. Nd6 Ke5 62. Nf7+ 1/2-1/2

[Event "*** Titled Tuesday Blitz"]
[Site "Chess.com"]
[Date "2020.04.28"]
[Round "3"]
[White "wadsy27"]
[Black "tylityli"]
[Result "0-1"]
[WhiteElo "2518"]
[BlackElo "2311"]
[TimeControl "180+1"]
[EndTime "10:30:20 PDT"]
[Termination "tylityli won by resignation"]

1. Nf3 d5 2. g3 c6 3. Bg2 Nf6 4. c4 g6 5. b3 Bg7 6. Bb2 O-O 7. O-O Nbd7 8. d3 Re8 9. Nc3 e5 10. cxd5 cxd5 11. Rc1 a6 12. Ba3 d4 13. Na4 b5 14. Ng5 Ra7 15. Nc5 Bf8 16. Nge4 Nxe4 17. Bxe4 Nxc5 18. Bxc5 Rc7 19. Bxf8 Rxf8 20. Qd2 Bh3 21.
Rxc7 Qxc7 22. Rc1 Qd7 23. Qb4 Rc8 24. Rxc8+ Qxc8 25. Qd2 Qc3 26. Qd1 Kg7 27. Bg2 Bg4 28.
h3 Be6 29. Kh2 Qb2 30. f4 exf4 31. gxf4 Qxa2 32. b4 Qb2 33. Qe1 Qc3 34. Qg3 Qxb4 35. Be4 Qd6 36. Kg2 a5 37. Qg5 a4 38. f5 Qe5 39. f6+ Qxf6 40. Qxb5 a3 41. Qa6 a2 42. Qa7 Qe5 43. Bf3 h5 44. Be4 g5 45. Bf3 g4 46.
hxg4 hxg4 47. Be4 Qf6 48. Bb7 Qe5 49. Be4 Kh6 50. Qa8 f5 51. Qf8+ Qg7 52. Qe8 fxe4 53. Qxe6+ Qg6 54. Qxa2 exd3 55. exd3 Qxd3 56. Qe6+ Qg6 57.
Qe5 d3 58. Qh8+ Kg5 59. Qe5+ Qf5 60. Qe3+ Kf6 61. Qd4+ Ke6 62. Qc4+ Qd5+ 63. Qxd5+ Kxd5 0-1

[Event "*** Titled Tuesday Blitz"]
[Site "Chess.com"]
[Date "2020.04.28"]
[Round "3"]
[White "Shivagami"]
[Black "Macron20hTF1"]
[Result "0-1"]
[WhiteElo "2136"]
[BlackElo "2346"]
[TimeControl "180+1"]
[EndTime "10:30:20 PDT"]
[Termination "Macron20hTF1 won by resignation"]

1. d4 d5 2. c4 dxc4 3. e4 Nf6 4.
Nc3 e5 5. d5 Bc5 6. Bxc4 O-O 7.
Be3 Bxe3 8. fxe3 Ng4 9. Qe2 Qh4+ 10. g3 Qg5 11. Kd2 c6 12. Nf3 Qe7 13. Rad1 b5 14.
Bb3 Ba6 15. Qe1 b4 16. Na4 Bb5 17. h3 Nf6 18. Kc1 Nxe4 19. Kb1 Nd7 20. d6 Nxd6 21. Qxb4 c5 22. Nxc5 a5 23. Qd2 Nxc5 24. Qxd6 Qxd6 25.
Rxd6 Bd3+ 26. Bc2 e4 27. Nd4 Rfd8 28. Rxd8+ Rxd8 29. Bxd3 Nxd3 30. Kc2 g6 31. Kd2 Rb8 32. b3 a4 33. Nc6 Rb6 34. Nd4 f5 35. Rb1 a3 36.
Ne2 Nb4 37. Rc1 Nxa2 38. Ra1 Rd6+ 39. Nd4 Nb4 40. Rxa3 Kg7 41. Kc3 Nd5+ 42. Kd2 Rb6 43.
Ra7+ Kh6 44. Kc2 Nb4+ 45. Kc3 Nd3 46. Kc4 Kg5 47. Ra5 h5 48. Rb5 Ra6 49. b4 Ra1 50.
Rc5 Rb1 51. b5 Nxc5 52. Kxc5 h4 53. b6 hxg3 0-1

[Event "*** Titled Tuesday Blitz"]
[Site "Chess.com"]
[Date "2020.04.28"]
[Round "3"]
[White "WhiteCapital80"]
[Black "Volodar_Murzin"]
[Result "1/2-1/2"]
[WhiteElo "2420"]
[BlackElo "2642"]
[TimeControl "180+1"]
[EndTime "10:30:22 PDT"]
[Termination "Game drawn by repetition"]

1. e4 g6 2. d4 Bg7 3. Nc3 d6 4. f4 Nf6 5. Nf3 O-O 6. Be3 Na6 7. e5 Ng4 8. Bg1 Nh6 9. Bxa6 bxa6 10. Qe2 Rb8 11.
O-O-O c6 12. h3 Qa5 13. g4 Qb4 14. Qd3 Qxb2+ 15. Kd2 Qa3 16. Bf2 c5 17. Nd5 Qa5+ 18. Qc3 Qxc3+ 19. Kxc3 Bb7 20. Nxe7+ Kh8 21. d5 Rfe8 22.
Nc6 Rbc8 23. Rb1 Bxc6 24. dxc6 Rxc6 25. Rhd1 dxe5 26. fxe5 f6 27. Rd7 fxe5 28. Rbb7 Rg8 29.
Kc4 Rf6 30. g5 Rf4+ 31. Kd5 Nf5 32. Nxe5 Re8 33. Nf7+ Kg8 34. Bxc5 Bc3 35. Nh6+ Nxh6 36. gxh6 Rf5+ 37. Kc6 Rh5 38. Rxh7 Rxh3 39. Rbg7+ Bxg7 40. Rxg7+ Kh8 41. Bd4 Re4 42. c3 Rxd4 43. cxd4 Rxh6 44. Rxa7 g5+ 45. Kd5 g4 46. Ke4 g3 47. Kf3 Rg6 48.
Kg2 Kg8 49. d5 Kf8 50. a4 Ke8 51. a5 Kd8 52. Rb7 Rd6 53. Kxg3 Rxd5 54. Kf4 Rxa5 55.
Ke4 Rc5 56. Kd4 Rc1 57. Ra7 Rc6 58. Kd5 Rh6 59. Kc5 Kc8 60. Kb4 Kb8 61. Rg7 Rc6 62.
Ka5 Ka8 63. Rf7 Kb8 64. Rg7 Ka8 65. Rh7 Kb8 66. Rg7 1/2-1/2

[Event "*** Titled Tuesday Blitz"]
[Site "Chess.com"]
[Date "2020.04.28"]
[Round "3"]
[White "AleksanderHnydiuk"]
[Black "BvsN"]
[Result "1-0"]
[WhiteElo "2573"]
[BlackElo "2371"]
[TimeControl "180+1"]
[EndTime "10:30:22 PDT"]
[Termination "AleksanderHnydiuk won by resignation"]

1. d4 d5 2. c4 c6 3. cxd5 cxd5 4. Bf4 Nc6 5. e3 Nf6 6. Nc3 a6 7. Bd3 Bg4 8. Nge2 e6 9. O-O Be7 10. Bg3 O-O 11. h3 Bh5 12. a3 Rc8 13. Rc1 Na5 14. Na4 Nd7 15. Rxc8 Qxc8 16. Qb1 Bxe2 17. Bxe2 Nc4 18. Rc1 b5 19. Nc3 Qb7 20. a4 b4 21.
Nd1 Ndb6 22. b3 Nd6 23. Nb2 Rc8 24. Rxc8+ Qxc8 25. Bd3 g6 26. Qc2 Qxc2 27. Bxc2 a5 28. f3 Kf8 29. Kf1 Ke8 30. Ke2 Kd7 31. e4 Kc6 32.
Nd3 Nd7 33. Nf2 f5 34. e5 Ne8 35. Bf4 g5 36. Bd2 h5 37. g4 Ng7 38. Nh1 Nf8 39.
Ng3 fxg4 40. fxg4 h4 41. Nh5 Ne8 42. Bd3 Nd7 43. Bb5+ Kc7 44. Kd3 Kd8 45. Bc6 Nc7 46.
Ng7 Nb6 47. Bb7 Bf8 48. Nh5 Be7 49. Nf6 Bxf6 50. exf6 Ke8 51. Bxg5 Kf7 52. Bxh4 Nd7 53. g5 e5 54. dxe5 Nxe5+ 55. Ke2 Ne6 56. Bxd5 Ng6 57. Bg3 Nf8 58. h4 Kg6 59. Bxe6 Nxe6 60. Kd3 Nc7 61. Kc4 Ne6 62. Be5 Nf8 63. Bc7 Ne6 64. Bxa5 1-0

[Event "*** Titled Tuesday Blitz"]
[Site "Chess.com"]
[Date "2020.04.28"]
[Round "3"]
[White "Danesz22"]
[Black "Grandmaster2B"]
[Result "1-0"]
[WhiteElo "2286"]
[BlackElo "2504"]
[TimeControl "180+1"]
[EndTime "10:30:22 PDT"]
[Termination "Danesz22 won on time"]

1. e4 c5 2. Nf3 d6 3. d4 cxd4 4. Nxd4 Nf6 5. Nc3 a6 6. Bg5 e6 7. f4 Be7 8. Qf3 Qc7 9. O-O-O Nbd7 10. Bd3 b5 11. Rhe1 Bb7 12. Qg3 h6 13. Bxf6 Bxf6 14. Bxb5 axb5 15. Ndxb5 Qb8 16. Nxd6+ Kf8 17. Nxf7 Bc6 18.
Nxh8 Rxa2 19. Ng6+ Kg8 20. Nxa2 Qxb2+ 21. Kd2 Qxa2 22.
e5 Bd8 23. Re3 Ba5+ 24. Rc3 Be4 25. Ne7+ Kf7 26. Ke3 Nf8 27. Kxe4 Qa4+ 28. Rd4 Qa1 29. Re3 Bb6 30. c3 Qa8+ 31. Kd3 Qa6+ 32. Rc4 Qa1 33. Qf3 Qb1+ 34. Ke2 Qa2+ 35. Ke1 Bxe3 36. Qxe3 Qxc4 37. Qa7 Qxc3+ 38. Kf2 Qb2+ 39. Kg3 Qc3+ 40. Kg4 Qe1 41. Nf5+ Ke8 42. Qxg7 exf5+ 43. Kxf5 Qb1+ 44. Kg4 Qg6+ 45. Qxg6+ Nxg6 46. g3 Kf7 47. h4 Kg7 48. h5 Nf8 49. f5 Kf7 50. Kf4 Ke7 51. g4 Nh7 52. Ke4 Ng5+ 53.
Kd5 Nf3 54. f6+ Kf7 55. Kd6 Ng5 56. Kd7 Ne6 57. g5 hxg5 58. h6 Nf8+ 59. Kd6 g4 60. e6+ Nxe6 61. h7 1-0

[Event "*** Titled Tuesday Blitz"]
[Site "Chess.com"]
[Date "2020.04.28"]
[Round "3"]
[White "SahajGrover"]
[Black "mortngabriel"]
[Result "0-1"]
[WhiteElo "2702"]
[BlackElo "2470"]
[TimeControl "180+1"]
[EndTime "10:30:23 PDT"]
[Termination "mortngabriel won by resignation"]

1. d4 Nf6 2. Bf4 g6 3. Nc3 d5 4.
h4 h6 5. e3 Bg7 6. Nf3 a6 7. Qd2 c5 8. dxc5 Qa5 9. Nd4 Qxc5 10. Na4 Qa7 11. Qb4 Nbd7 12. Bg3 Ne4 13. Bc7 O-O 14. Nb6 Nxb6 15. Bxb6 Qb8 16. Qxe7 Bf6 17. Qb4 Bd7 18. Bd3 Qe5 19. Bxe4 Qxe4 20. Rg1 Bxh4 21. g3 Bf6 22. O-O-O Rac8 23. c3 Rc4 24. Qb3 Rfc8 25. Qc2 Qe5 26. Nf3 Qd6 27. Bd4 Bf5 28. Qb3 b5 29.
Bxf6 Qxf6 30. Nd4 Be4 31. f3 Bf5 32. g4 Bd7 33. Kb1 a5 34. g5 hxg5 35. a3 b4 36. axb4 axb4 37. cxb4 Rb8 38. b5 Bf5+ 39. e4 dxe4 40.
Qxc4 exf3+ 41. Nc2 Rc8 42. Qxc8+ Bxc8 43. Rd2 g4 44. Ne3 Kg7 45. Nd5 Qe5 46. Kc1 Bf5 47. Rgd1 g3 48. b6 Qd6 49. b7 Qc6+ 50. Nc3 Qxb7 51.
Rd8 f2 52. Nd5 Qc6+ 53. Kd2 Qc2+ 54. Ke3 Qxd1 0-1

[Event "*** Titled Tuesday Blitz"]
[Site "Chess.com"]
[Date "2020.04.28"]
[Round "3"]
[White "harvsp123"]
[Black "LittlePeasant"]
[Result "0-1"]
[WhiteElo "2524"]
[BlackElo "2756"]
[TimeControl "180+1"]
[EndTime "10:30:23 PDT"]
[Termination "LittlePeasant won by checkmate"]

1. e4 c5 2. Nf3 e6 3. d4 cxd4 4. Nxd4 Nc6 5. Nc3 Qc7 6. Be3 a6 7.
Qf3 d6 8. Nxc6 bxc6 9. O-O-O Rb8 10. Qg3 Nf6 11. Be2 h5 12. h4 g6 13. Bg5 Nd7 14.
Rhe1 Qb6 15. b3 Qb4 16. Nb1 a5 17. a3 Qc5 18. Be3 Qe5 19. Bf4 Qf6 20. Bxd6 Bxd6 21.
Qxd6 Qxf2 22. Nc3 Qxh4 23. Rf1 Qe7 24. Qd4 O-O 25. Kb2 e5 26. Qe3 Nc5 27. Bc4 Be6 28. Bxe6 Nxe6 29. g3 Nd4 30. Ne2 Nxe2 31. Qxe2 Qe6 32.
a4 Rb4 33. Rd3 Rfb8 34. Kc1 Kg7 35. Rfd1 c5 36. Rd6 Qg4 37. Qxg4 hxg4 38. Rc6 Rxe4 39. Rxc5 Re3 40. Rd3 Rxd3 41. cxd3 Rxb3 42. Kc2 Rb4 43. Rxa5 Kf6 44. Ra6+ Kf5 45. Ra7 Kg5 46. Kc3 Rd4 47. Re7 f5 48. Rxe5 Rxa4 49. Kd2 Ra2+ 50. Ke3 Rg2 51. Kd4 Rxg3 52. Kc4 Rf3 53. Re8 Kf4 54. d4 g3 55. Rg8 g2 56. Rxg6 Rg3 57. Rxg3 Kxg3 58.
d5 g1=Q 59. d6 Qa7 60. Kd5 Qd7 61. Ke5 f4 62. Ke4 f3 63. Ke3 f2 64. Ke2 Kg2 65. Ke3 Qxd6 66. Ke4 Qe6+ 67. Kd4 f1=Q 68. Kc3 Qf3+ 69.
Kb2 Qee2+ 70. Kb1 Qff1# 0-1

[Event "*** Titled Tuesday Blitz"]
[Site "Chess.com"]
[Date "2020.04.28"]
[Round "3"]
[White "barbara25"]
[Black "Aleksandar-Topalov"]
[Result "0-1"]
[WhiteElo "2268"]
[BlackElo "2498"]
[TimeControl "180+1"]
[EndTime "10:30:23 PDT"]
[Termination "Aleksandar-Topalov won by resignation"]

1. e4 e6 2. d4 d5 3. Nc3 Bb4 4. e5 Qd7 5. a3 Bxc3+ 6. bxc3 b6 7. Nf3 Ba6 8. Bxa6 Nxa6 9. Qd3 Nb8 10. O-O Nc6 11. Be3 Na5 12. Nd2 Qc6 13. f4 Ne7 14.
Kh1 h5 15. a4 Nf5 16. Bf2 Nc4 17. Nxc4 dxc4 18. Qe2 a5 19. Rad1 Qd5 20. Qf3 Qxf3 21.
gxf3 Rd8 22. Rd2 Rd5 23. Be1 h4 24. Bf2 Kd7 25. h3 Kc6 26. Rdd1 Rb8 27. Ra1 Kd7 28. Kg2 c5 29. Rfd1 Kc6 30. Kf1 Rbd8 31. Rab1 cxd4 32. cxd4 Nxd4 33. Rb2 g6 34. Rdb1 Rb8 35. Kg2 c3 36. Ra2 Ne2 37. Be3 b5 38. axb5+ Rbxb5 39. Re1 Ng3 40. Ra3 Nf5 41. Rxc3+ Kb7 42. Bc1 Rb1 43. Rb3+ Rxb3 44. cxb3 Rd3 45. Ba3 Rxb3 46. Bf8 Rb2+ 47. Kg1 Nd4 48. Rd1 Ne2+ 49. Kf1 Ng3+ 50. Kg1 Kc6 51. Rd6+ Kc7 52. Rd1 Ne2+ 53. Kf1 Nxf4 54. Rc1+ Kd7 55. Rd1+ Kc8 56. Be7 Nxh3 57. Bxh4 Nf4 58.
Bg5 Nd5 59. f4 a4 60. Rc1+ Kb7 61. Bh6 a3 62. Ke1 a2 0-1

[Event "*** Titled Tuesday Blitz"]
[Site "Chess.com"]
[Date "2020.04.28"]
[Round "3"]
[White "jtayar88"]
[Black "WeAintSurePal"]
[Result "0-1"]
[WhiteElo "2569"]
[BlackElo "2397"]
[TimeControl "180+1"]
[EndTime "10:30:24 PDT"]
[Termination "WeAintSurePal won on time"]

1. e4 c6 2. d4 d5 3. exd5 cxd5 4. c4 Nf6 5. Nc3 g6 6. cxd5 Nxd5 7. Bc4 Nb6 8. Bb3 Bg7 9. Nf3 O-O 10. a4 Bg4 11. a5 Nc8 12. Be3 Nd6 13. h3 Bxf3 14.
Qxf3 Nc6 15. a6 Nxd4 16. Bxd4 Bxd4 17. axb7 Rb8 18. Rd1 Bg7 19. O-O Qb6 20. Bd5 Qxb2 21. Ne4 Nf5 22. Nc5 Nd4 23. Qe4 e6 24. Bc6 Ne2+ 25.
Kh1 Nc3 26. Qc4 Nxd1 27. Rxd1 Qxf2 28. Nd7 Qg3 29. Qg4 Qxg4 30. hxg4 Rfd8 31. Rb1 Bd4 32.
Nxb8 Rxb8 33. Bd7 Kf8 34. Bc8 Ke7 35. Rd1 e5 36. Kh2 Kd8 37. Kg3 Rxc8 38. bxc8=Q+ Kxc8 39. Kf3 Kd7 40. Ke4 Ke6 41. Rd2 f5+ 42. gxf5+ gxf5+ 43. Kd3 Kf6 44. Ra2 Kg5 45. Ra6 h5 46. Ke2 Bb6 47.
Ra4 e4 48. Kf1 Kg4 49. Rc4 h4 50. Rc8 Kf4 51. Rg8 e3 52. Re8 Kg3 53. Rg8+ Kf4 54.
Rg6 Ke4 55. Ke2 f4 56. Rg5 h3 57. gxh3 f3+ 58. Kf1 e2+ 59. Ke1 Bd4 60. Rg4+ Ke3 61. Rxd4 Kxd4 62. Kf2 Ke5 63. h4 Kf5 0-1

[Event "*** Titled Tuesday Blitz"]
[Site "Chess.com"]
[Date "2020.04.28"]
[Round "3"]
[White "YQPerez"]
[Black "louis198"]
[Result "1-0"]
[WhiteElo "2952"]
[BlackElo "2466"]
[TimeControl "180+1"]
[EndTime "10:30:26 PDT"]
[Termination "YQPerez won by resignation"]

1. e4 e6 2. d4 d5 3. Nc3 dxe4 4. Nxe4 Bd7 5. Nf3 Bc6 6. Ng3 Nd7 7. Bd3 Ngf6 8. O-O g6 9. c4 Bg7 10. Re1 O-O 11. Bf4 b6 12. Qe2 Bb7 13. Rad1 Qc8 14.
Bb1 Re8 15. b4 c5 16. dxc5 bxc5 17. b5 e5 18. Bg5 e4 19. Nd2 h6 20. Bf4 h5 21.
Ngxe4 Nxe4 22. Nxe4 f5 23. Qd2 Bxe4 24. Bxe4 Rxe4 25.
Rxe4 fxe4 26. Qxd7 Qf8 27. Be3 Kh7 28. h3 Kh8 29. Qb7 Rd8 30. Rd7 Bd4 31. Rxd8 Qxd8 32. Qxe4 Bxe3 33. Qxe3 Qd1+ 34. Kh2 Qd6+ 35. f4 Kh7 36.
Qe5 Qd2 37. a4 Qc2 38. Qe7+ Kh6 39. Qxc5 Qxa4 40. Qf8+ Kh7 41. Qf7+ Kh6 42. f5 gxf5 43. Qf6+ Kh7 44. Qxf5+ Kg7 45. Qg5+ Kf8 46. Qc5+ Kg7 47. Qe5+ Kg8 48. Qd5+ Kg7 49. Kg3 Qa3+ 50. Kf4 Qc1+ 51. Ke5 Qg5+ 52. Kd6 Qd8+ 53. Kc5 Qb6+ 54. Kb4 Qf2 55.
Qe5+ Kg6 56. g4 Qd2+ 57. Kc5 Qf2+ 58. Kc6 Qb6+ 59. Kd7 Qb7+ 60. Qc7 Qe4 61. Qc6+ 1-0

[Event "*** Titled Tuesday Blitz"]
[Site "Chess.com"]
[Date "2020.04.28"]
[Round "3"]
[White "thedjoker98"]
[Black "Biranidun"]
[Result "1-0"]
[WhiteElo "2519"]
[BlackElo "2714"]
[TimeControl "180+1"]
[EndTime "10:30:27 PDT"]
[Termination "thedjoker98 won by checkmate"]

1. d4 Nf6 2. c4 g6 3. Nc3 d5 4. e3 Bg7 5. Qb3 e6 6. Qa3 Nc6 7. Nf3 Ne7 8. Bd3 O-O 9. O-O b6 10.
Re1 Bb7 11. cxd5 exd5 12. Bd2 Ne4 13. Rac1 a6 14. Qb3 Qd6 15. Ne2 Nxd2 16. Nxd2 f5 17. f4 Kh8 18. Nf3 h6 19. Ne5 Kh7 20. Ng3 Bf6 21.
Qc2 Rfc8 22. Qe2 c5 23. Nf1 c4 24. Bb1 b5 25. Nd2 a5 26. g4 Qe6 27. Rf1 Rg8 28. Kh1 b4 29. Rg1 Rac8 30. Rg2 c3 31. bxc3 bxc3 32. Nb3 a4 33. Nc5 Rxc5 34. dxc5 Bxe5 35. fxe5 Qxe5 36. Qf3 fxg4 37. Rxg4 Rg7 38. Rd4 Nc6 39. Rh4 Ne7 40. Kg1 d4 41. Qf4 Qxf4 42. Rxf4 dxe3 43.
Be4 Bd5 44. Rxc3 Bxa2 45. c6 e2 46. Kf2 Be6 47. c7 Nc8 48. Kxe2 Re7 49. Kf2 Kg7 50.
Bc2 Nb6 51. Re4 Rf7+ 52. Ke1 Bd7 53. Rc5 Bc8 54. Rc6 Nd5 55. Rd4 Nxc7 56. Rxg6+ Kf8 57. Rd8+ Ke7 58. Rxc8 Nd5 59. Rc5 Ne3 60. Rc7+ Kd8 61. Rxf7 Nxc2+ 62. Kd2 Nd4 63. Rg8# 1-0

[Event "*** Titled Tuesday Blitz"]
[Site "Chess.com"]
[Date "2020.04.28"]
[Round "3"]
[White "Anton_Demchenko"]
[Black "BaMBoMaTTo"]
[Result "1-0"]
[WhiteElo "2850"]
[BlackElo "2627"]
[TimeControl "180+1"]
[EndTime "10:30:29 PDT"]
[Termination "Anton_Demchenko won on time"]

1. d4 Nf6 2. Nf3 e6 3. Bf4 d5 4.
e3 Bd6 5. Ne5 O-O 6. Nd2 c5 7.
c3 Nc6 8. Bd3 Qc7 9. Ndf3 Ne4 10. O-O f6 11. Nxc6 Bxf4 12. Ne7+ Qxe7 13. exf4 cxd4 14. cxd4 Bd7 15. Re1 Bc6 16. a3 a5 17.
Nd2 Nxd2 18. Qxd2 Qd6 19. Re2 Rfe8 20. Rae1 Bd7 21. g3 g6 22. h4 Kg7 23. Kg2 Qb6 24. Bb1 Rac8 25. Qe3 Rc4 26. Rd2 Rec8 27. h5 Rc1 28. f5 Rxe1 29. Qxe1 gxf5 30. Bxf5 Qd6 31. h6+ Kf7 32. Bg4 Rg8 33. Qe2 Ke7 34. Bh3 Rg6 35. Qh5 Be8 36. Qh4 Bf7 37. Rc2 Kd7 38. Kg1 Qf8 39. Qf4 Qd6 40. Qd2 Qb6 41. Bf1 e5 42.
Rc5 Be6 43. b4 axb4 44. axb4 Qd6 45. Qc3 e4 46. b5 f5 47. b6 Ke7 48. Rc7+ Kf6 49.
Rxh7 f4 50. Qc7 1-0

[Event "*** Titled Tuesday Blitz"]
[Site "Chess.com"]
[Date "2020.04.28"]
[Round "3"]
[White "Marty435"]
[Black "PavlovDanila"]
[Result "1-0"]
[WhiteElo "2538"]
[BlackElo "2739"]
[TimeControl "180+1"]
[EndTime "10:30:30 PDT"]
[Termination "Marty435 won by checkmate"]

1. e4 e6 2. d4 d5 3. Nc3 Nf6 4. e5 Nfd7 5. f4 c5 6. Nf3 Nc6 7. Be3 cxd4 8. Nxd4 Bc5 9. Qd2 O-O 10. O-O-O a6 11. h4 Nxd4 12. Bxd4 b5 13. h5 Qa5 14.
Kb1 b4 15. Ne2 Bb7 16. Rh3 Bxd4 17. Nxd4 Nc5 18. a3 Ne4 19. Qe1 Rab8 20. axb4 Qb6 21. c3 Bc6 22. Bd3 a5 23. b5 Bd7 24. h6 g6 25. Qh4 Qd8 26. Bxe4 Qxh4 27. Rxh4 dxe4 28. Nc6 Rb7 29. Rhh1 a4 30. Ka2 Be8 31. Rd8 Bxc6 32. Rxf8+ Kxf8 33. bxc6 Rc7 34. Re1 Rxc6 35. Rxe4 f6 36.
exf6 Kf7 37. Ka3 Kxf6 38. Rxa4 Rc7 39. Ra5 Rc4 40. g3 Rc7 41. Kb3 Rb7+ 42. Kc2 Rc7 43. b4 Rb7 44. Kb3 Rd7 45. Rc5 Rd1 46. b5 Rh1 47. Kc4 Rb1 48. Rc7 e5 49. fxe5+ Kxe5 50. Rxh7 Kf5 51. Rf7+ Ke6 52. h7 Rh1 53. Rg7 Kd6 54.
Rxg6+ Ke5 55. Rg7 Kf6 56. Rc7 Ke6 57. b6 Kd6 58. Rg7 Kc6 59. Rg6+ Kb7 60. Kb5 Rxh7 61. c4 Rh5+ 62. c5 Rh8 63. c6+ Kb8 64. Ka6 Ka8 65. Rg7 Kb8 66. c7+ Kc8 67. b7# 1-0